 Dungeon Crawl Stone Soup version 0.18.1-5-g4a78601 (webtiles) character file.

87 LORDOFBUTT the Insei (level 4, -5/35 HPs)
             Began as a Demonspawn Monk on May 10, 2016.
             Killed from afar by a white imp (6 damage)
             ... with a puff of frost
             ... summoned by the player character
             ... on level 2 of the Dungeon.
             The game lasted 00:02:49 (1997 turns).

LORDOFBUTT the Insei (Demonspawn Monk)              Turns: 1997, Time: 00:02:50

Health: -5/35      AC:  5    Str: 12    XL:     4   Next: 28%
Magic:  4/4        EV: 13    Int: 11    God:
Gold:   102        SH:  0    Dex: 16    Spells: 0 memorised, 3 levels left

rFire  . . .     SeeInvis .       - Unarmed
rCold  . . .     Gourm    .     m - +0 leather armour
rNeg   . . .     Faith    .     (no shield)
rPois  .         Spirit   .     (no helmet)
rElec  .         Dismiss  +     k - +0 cloak
rCorr  .         Reflect  .     l - +0 pair of gloves
SustAt .         Harm     .     (no boots)
MR     .....                    f - amulet of dismissal
Stlth  ++........               (no ring)
                                (no ring)

@: not resistant to hostile enchantments, unstealthy
A: demonic guardian 1, sturdy frame 1
a: no special abilities


You were on level 2 of the Dungeon.
You were not hungry.

You visited 1 branch of the dungeon, and saw 3 of its levels.

You collected 102 gold pieces.

Inventory:

Armour
 a - a +0 robe
 k - a +0 cloak (worn)
 l - a +0 pair of gloves (worn)
 m - a +0 leather armour (worn)
Jewellery
 f - an amulet of dismissal (around neck)
Scrolls
 c - a scroll of fear {unknown}
 d - 3 scrolls of teleportation
 g - 2 scrolls of enchant armour {unknown}
 h - a scroll of enchant weapon
 i - 2 scrolls of remove curse {unknown}
Potions
 e - 2 potions of lignification {unknown}
 j - a potion of haste {unknown}
 n - a potion of beneficial mutation {unknown}
Comestibles
 b - 2 bread rations


   Skills:
 - Level 3.0 Fighting
 - Level 2.6 Dodging
 * Level 3.3 Stealth
 * Level 4.5 Unarmed Combat


You had 3 spell levels left.
You didn't know any spells.

Dungeon Overview and Level Annotations

Branches:
Dungeon (3/15)

Altars:
Qazlal
Zin

Annotations:
D:2 Terence
D:3 Grinder; LORDOFBUTT's ghost, amateur DsMo


Innate Abilities, Weirdness & Mutations

A weak demonic guardian rushes to your aid.
Your movements are slightly less encumbered by armour (ER -2).


Message History

You closely miss Terence. Terence hits you but does no damage.
Terence closely misses your crimson imp.
Terence hits your crimson imp with a short sword!
Your crimson imp hits Terence but does no damage.
Terence hits your crimson imp with a short sword.
Your crimson imp completely misses Terence.
Terence hits your crimson imp with a short sword.
Your crimson imp closely misses Terence.
Terence hits your crimson imp with a short sword.
Your crimson imp dies!
Terence misses you. Terence hits you with a short sword.
* * * LOW HITPOINT WARNING * * *
Your white imp closely misses Terence.
Your white imp hits Terence but does no damage.
Your white imp gestures at Terence.
The puff of frost hits Terence.
Your white imp gestures at Terence.
The puff of frost misses Terence.
The puff of frost hits you!
You die...

##### ####.#.# ##########
#...# #.#.# #.<....... #...##
#.#.###.######## #....#
#.#.#...........
####.###########
#.#.#.#.########
#...........###.#.#.#.........
#...............#.#.##########
##................#...........
#......5..@.@..>.###########.
#........#####.### #.....#.#.
##########.....# #####.#.#.
#.....### #.#...
######.......# #.#.##
#....#.......##### #.#.##
#.##......_.....[# #.#...
####.######.......#.# #.####
#.......# #.......#.###.#


You could see Terence and a friendly white imp.

Vanquished Creatures
  A gnoll (D:1)
  An adder (D:2)
  An ooze (D:1)
  4 dart slugs
  A giant gecko (D:2)
  A ball python (D:1)
  2 giant cockroaches
  4 hobgoblins
  5 jackals (D:2)
  6 kobolds
  A quokka (D:3)
  10 bats
  4 giant newts (D:1)
  4 goblins
  7 rats
52 creatures vanquished.

Vanquished Creatures (collateral kills)
  3 kobolds (D:3)
  A bat (D:3)
4 creatures vanquished.

Grand Total: 56 creatures vanquished

Notes
Turn   | Place    | Note
--------------------------------------------------------------
     0 | D:1      | LORDOFBUTT the Demonspawn Monk began the quest for the Orb.
     0 | D:1      | Reached XP level 1. HP: 18/18 MP: 1/1
   113 | D:1      | Gained mutation: A weak demonic guardian rushes to your aid. [demonic ancestry]
   113 | D:1      | Reached XP level 2. HP: 6/24 MP: 2/2
   647 | D:1      | Reached skill level 4 in Unarmed Combat
   700 | D:1      | Reached XP level 3. HP: 6/29 MP: 3/3
  1213 | D:2      | Found a stormy altar of Qazlal.
  1343 | D:2      | Found a glowing silver altar of Zin.
  1451 | D:2      | Gained mutation: Your movements are slightly less encumbered by armour (ER -2). [demonic ancestry]
  1451 | D:2      | Reached XP level 4. HP: 17/35 MP: 4/4
  1795 | D:3      | Noticed LORDOFBUTT's ghost (amateur DsMo)
  1950 | D:3      | Noticed Grinder
  1951 | D:3      | Noticed Terence
  1990 | D:2      | HP: 1/35 [Terence/short sword (6)]
  1997 | D:2      | Killed from afar by a white imp

Skill      XL: |  1  2  3 |
---------------+----------+-----
Stealth        | 2 3 |  3.3
Unarmed Combat | 4 |  4.5
Fighting       | |  3.0
Dodging        | |  2.6

Action                   |  1- 3 |  4- 6 || total
-------------------------+-------+-------++-------
Melee: Unarmed           |   111 |    41 ||   152
       Punch             |     4 |       ||     4
  Use: Scroll            |     2 |       ||     2
 Stab: Sleeping          |    16 |       ||    16
  Eat: Fruit             |     4 |       ||     4
Armor: Robe              |    17 |     4 ||    21
       Leather armour    |       |     5 ||     5
Dodge: Dodged            |    65 |    35 ||   100
